 Dungeon Crawl Stone Soup version 0.20-a0-971-g5896763 (webtiles) character file.

27 Dipster the Covered (level 3, -9/29 HPs)
             Began as a Bultungin Wanderer on Apr 9, 2017.
             Killed by nerve-wracking pain
             ... invoked by Jessica
              (12 damage)
             ... on level 2 of the Dungeon.
             The game lasted 00:02:45 (1372 turns).

Dipster the Covered (Bultungin Wanderer)            Turns: 1372, Time: 00:02:46

Health: -9/29      AC:  8    Str: 10    XL:     3   Next: 10%
Magic:  3/3        EV: 14    Int: 14    God:
Gold:   65         SH:  0    Dex: 20    Spells: 2/2 levels left

rFire    . . .     SeeInvis +   c - +0 dagger
rCold    + . .     Gourm    .   (no shield)
rNeg     . . .     Faith    .   a - +2 scale mail
rPois    .         Spirit   .   (helmet restricted)
rElec    .         Reflect  .   (no cloak)
rCorr    .         Harm     .   (no gloves)
MR       .....                  (no boots)
Stlth    +.........             (no amulet)
Regen    0.1/turn               (no ring)
MPRegen  0.1/turn               (no ring)

@: agile, hasted, very quick
A: short attention span, fangs 1, horns 1, see invisible, agile 1, cold
resistance 1, sense surroundings 1, strong nose
a: no special abilities


You were on level 2 of the Dungeon.
You were not hungry.

You visited 1 branch of the dungeon, and saw 2 of its levels.

You collected 65 gold pieces.

Inventory:

Hand Weapons
 c - a +0 dagger (weapon)
Armour
 a - a +2 scale mail (worn)
 l - a +0 shield
Jewellery
 g - a cursed amulet of inaccuracy {unknown}
Scrolls
 b - a scroll of noise {unknown}
 e - a scroll of identify {unknown}
 j - 4 scrolls of teleportation {unknown}
Potions
 h - a potion of might {unknown}
 i - a potion of curing {unknown}
 m - a potion of haste
 o - a potion of heal wounds {unknown}
Comestibles
 d - a bread ration
 n - a chunk of flesh


   Skills:
 - Level 3.0 Fighting
   Level 3.0 Bows
 - Level 1.5 Throwing
 + Level 3.3 Armour
 + Level 2.4 Dodging
 - Level 1.5 Shields
   Level 3.0 Charms
   Level 1.5 Necromancy


You had 2 spell levels left.
You didn't know any spells.

Dungeon Overview and Level Annotations

Branches:
Dungeon (2/15)

Altars:
Xom

Annotations:
D:2 Jessica


Innate Abilities, Weirdness & Mutations

You have a short attention span.
You have very sharp teeth.
You have supernaturally acute eyesight. (SInv)
Your uncanny sense of smell can sniff out nearby items.
You have a pair of small horns on your head.
You are agile. (Dex +2)
Your flesh is cold resistant. (rC+)
You passively map a small area around you.


Message History

Jessica gestures at you while chanting. Pain shoots through your body!
* * * LOW HITPOINT WARNING * * *
Jessica barely misses you.
You are too injured to fight recklessly!
It was a potion of haste.
You feel yourself speed up. Jessica barely misses you.
It was a potion of mutation.
You feel extremely strange.
You feel resistant to cold. A pair of horns grows on your head!
You feel agile.
You feel a strange attunement to the structure of the dungeons.
Jessica closely misses you.
It was a potion of agility.
You feel agile all of a sudden.
Jessica shouts, "Stop bothering me, or I'll kill you!"
Jessica hits you.
* * * LOW HITPOINT WARNING * * *
Okay, then.
Jessica points at you and mumbles some strange words.
Pain shoots through your body!
You die...

#. .# , , #.*##.
* , #. #..,∆*
#.##.# * #...?#
*, ##..#.#
##...@.#####
###..........#
,........@....#
###..........# *
#..........#
#..........# *
..(.........#
###..........# *
#..?......<#
#............#
#..........#....
*


You could see Jessica.

Vanquished Creatures
  A dart slug (D:1)
  2 bats (D:1)
  2 giant cockroaches (D:1)
  3 goblins (D:1)
  3 hobgoblins (D:1)
  4 jackals (D:1)
  3 frilled lizards (D:1)
  2 kobolds (D:1)
  2 rats (D:1)
22 creatures vanquished.

Notes
Turn   | Place    | Note
-------+----------+-------------------------------------------
     0 | D:1      | Dipster the Bultungin Wanderer began the quest for the Orb.
     0 | D:1      | Dipster set off with: a +2 scale mail, a potion of lignification, a +0 dagger, a bread ration
     0 | D:1      | Reached XP level 1. HP: 18/18 MP: 1/1
   103 | D:1      | Found a shimmering altar of Xom.
   185 | D:1      | Reached skill level 1 in Dodging
   192 | D:1      | Reached XP level 2. HP: 24/24 MP: 2/2
  1071 | D:1      | Reached XP level 3. HP: 29/29 MP: 3/3
  1354 | D:2      | Noticed Jessica
  1370 | D:2      | Gained mutation: Your flesh is cold resistant. (rC+) [potion of mutation]
  1370 | D:2      | Gained mutation: You have a pair of small horns on your head. [potion of mutation]
  1370 | D:2      | Gained mutation: You are agile. (Dex +2) [potion of mutation]
  1370 | D:2      | Gained mutation: You passively map a small area around you. [potion of mutation]
  1372 | D:2      | Killed from afar by Jessica

Vault maps used:
D:1:      dpeg_arrival_tiny_a, serial_bayou_ford_a, xom_teletrap_fun
D:2:      elyvilon_altar_5, first_bread, uniq_jessica

Skill      XL: |  1  2 |
---------------+-------+-----
Armour         | 2 3 |  3.3
Dodging        | 1 2 |  2.4
Fighting       | |  3.0
Bows           | |  3.0
Throwing       | |  1.5
Shields        | |  1.5
Charms         | |  3.0
Necromancy     | |  1.5

Action                   || total
-------------------------++-------
Melee: Dagger            ||   159
       Bite              ||     6
  Use: Potion            ||     4
  Eat: Chunk             ||     2
Armor: Scale mail        ||   105
       Skin              ||     6
Dodge: Dodged            ||    84
